 Dungeon Crawl Stone Soup version 0.27-a0-1301-g128193abf8 (webtiles) character file.

Game seed: 11578906657754444942

29 Johnny the Digger (level 3, 13/20 HPs)
             Began as a Deep Elf Earth Elementalist on June 17, 2021.
             Got out of the dungeon alive.
             The game lasted 00:01:05 (1667 turns).

Johnny the Digger (Deep Elf Earth Elementalist)     Turns: 1667, Time: 00:01:06

Health: 13/20      AC:  2    Str:  5    XL:     3   Next: 1%
Magic:  10/10      EV: 12    Int: 20    God:
Gold:   66         SH:  0    Dex: 15    Spells: 8/9 levels left

rFire    . . .     SeeInvis .   (no weapon)
rCold    . . .     Faith    .   (no shield)
rNeg     . . .     Spirit   .   b - +0 robe
rPois    .         Reflect  .   (no helmet)
rElec    .         Harm     .   (no cloak)
rCorr    .         Rampage  .   (no gloves)
Will     .....                  (no boots)
Stlth    ++........             (no amulet)
HPRegen  0.06/turn              (no ring)
MPRegen  0.12/turn              (no ring)

@: no status effects
A: no striking features
a: no special abilities


You escaped.
You visited 1 branch of the dungeon, and saw 2 of its levels.

You collected 66 gold pieces.

Inventory:

Armour
 b - a +0 robe (worn)
Jewellery
 d - an amulet of the acrobat
Scrolls
 e - 3 scrolls of identify {unknown}
 f - a scroll of enchant weapon {unknown}
 g - a scroll of immolation {unknown}
Potions
 a - a potion of degeneration {unknown}


   Skills:
 * Level 1.4 Fighting
 - Level 2.4 Dodging
 - Level 2.4 Stealth
 + Level 3.5 Spellcasting
 - Level 1.1 Transmutations
 + Level 3.6 Earth Magic


You had 8 spell levels left.
You knew the following spells:

 Your Spells              Type           Power      Damage    Failure   Level
a - Sandblast             Erth           36%        2d10      3%          1

Your spell library contained the following spells:

 Spells                   Type           Power      Damage    Failure   Level
 Passwall                 Tmut/Erth      10%        N/A       8%          2
 Stone Arrow              Conj/Erth      20%        3d8       19%         3
 Petrify                  Tmut/Erth      13%        N/A       45%         4
 Lee's Rapid Deconstruct  Erth           9%         3d8*      63%         5


Dungeon Overview and Level Annotations

Branches:
Dungeon (2/15)

Altars:


Message History

Press: ? - help, Shift-Dir - straight line, f/p - rat
Aim: a rat (79% to hit)
The blast of sand misses the rat.
The adder closely misses you. The rat bites you.
Casting: Sandblast (safe; 3% risk of failure)
Confirm with . or Enter, or press ? or * to list all spells.
Aiming: Sandblast (safe; 3% risk of failure)
Press: ? - help, Shift-Dir - straight line, f/p - rat
Aim: a rat (79% to hit)
The blast of sand hits the rat!
You kill the rat!
You now have no stones remaining.
The adder bites you.
No previous command to re-do.
No previous command to re-do.
No previous command to re-do.
No previous command to re-do.
The adder barely misses you. The adder barely misses you.
There is an open door here.
The adder misses you. The adder barely misses you. The adder barely misses you.
There is an open door here.
The adder barely misses you. The adder closely misses you.
The adder barely misses you. The adder bites you.
There is a stone staircase leading up here.
The adder closely misses you.
You climb upwards.
There is a stone staircase leading down here.
The adder barely misses you. The adder barely misses you.
There is an open door here.
The adder bites you but does no damage. The adder bites you.
There is a staircase leading out of the dungeon here.
Are you sure you want to leave the Dungeon?
This will make you lose the game! The adder closely misses you.
You have escaped!

#.......####
#######....#########
############.##.........#
............###8'8###...#
#..........##≈≈≈.≈≈≈##..#
#.######..##≈≈≈.P.≈≈≈##.#
#.# #.##≈≈P..8..P≈≈###
#.# #.#≈≈≈.......≈≈≈# #.#
#.#≈P.8..@..8.P≈# #.#
#.#≈≈≈...S...≈≈≈# #.#
#.##≈≈P..8..P≈≈### #.#
#..##≈≈≈.P.≈≈≈##.#
#.######...##≈≈≈.≈≈≈##..#
............###8'8###...#
#.##.......## ##..##.##.#
####.##.##.## ###.##....#
# ##.##.##..###...##.####


You could see an adder.

Vanquished Creatures
  An adder (D:2)
  3 endoplasms (D:1)
  A giant cockroach (D:1)
  A goblin (D:1)
  A hobgoblin (D:1)
  A quokka (D:1)
  2 ball pythons (D:1)
  4 bats (D:1)
  3 frilled lizards (D:1)
  3 rats
20 creatures vanquished.

Notes
Turn   | Place    | Note
-------+----------+-------------------------------------------
     0 | D:1      | Johnny the Deep Elf Earth Elementalist began the quest for
                  | the Orb.
     0 | D:1      | Reached XP level 1. HP: 10/10 MP: 6/6
   658 | D:1      | Reached XP level 2. HP: 10/16 MP: 6/8
   873 | D:1      | Reached skill level 1 in Fighting
   904 | D:1      | Found a faded altar of an unknown god.
  1388 | D:2      | Reached XP level 3. HP: 14/20 MP: 7/10
  1667 | D:$      | Got out of the dungeon alive.

Illustrated notes

Levels and vault maps discovered:
D:1:      lightli_arrival_statuegarden, layout_loops_ring,
          ebering_ecumenical_altar_mist, serial_bayou_pond_d,
          grunt_decor_one_mirror, st_stairs_8,
          wander_ebering_terrifying_dragon_lair
D:2:      layout_loops_corners, kennysheep_nondescript, uniq_sigmund,
          uniq_natasha

Skill      XL: |  1  2 |
---------------+-------+-----
Fighting       | 1 |  1.4
Dodging        | |  2.4
Stealth        | |  2.4
Spellcasting   | |  3.5
Transmutations | |  1.1
Earth Magic    | |  3.6

Action                   || total
-------------------------++-------
Melee: Unarmed           ||    12
 Cast: Sandblast         ||    30
 Stab: Sleeping          ||     1
Armor: Robe              ||     6
Dodge: Dodged            ||    31

Table legend: (Time is in decaauts)
 A = Elapsed time spent in this place.
 B = Non-inter-level travel time spent in this place.
 C = Inter-level travel time spent in this place.
 D = Time resting spent in this place.
 E = Time spent auto-exploring this place.
 F = Levels seen in this place.
 G = Mean time per level.
                   A        B        C        D        E       F      G
               +--------+--------+--------+--------+--------+-----+--------+
         Total |   1672 |   1652 |     20 |    493 |    994 |   2 |  836.0 |
       Dungeon |   1672 |   1652 |     20 |    493 |    994 |   2 |  836.0 |
               +--------+--------+--------+--------+--------+-----+--------+

Top non-repeatable levels by time:
     D:1: 1401 daAuts
     D:2: 270 daAuts
